 Dungeon Crawl Stone Soup version 0.28.0 (webtiles) character file.

Game seed: 13623452512021255045

0 tasteybeefcake the Magician (level 1, -1/15 HPs)
             Began as a Djinni Hedge Wizard on Feb 19, 2022.
             Slain by a ball python (3 damage)
             ... on level 1 of the Dungeon.
             The game lasted 00:00:56 (24 turns).

tasteybeefcake the Magician (Djinni Hedge Wizard)     Turns: 24, Time: 00:00:56

Health: -1/15      AC:  2    Str:  9    XL:     1   Next: 11%
Gold:   0          EV:  9    Int: 15    God:
                   SH:  0    Dex: 12

rFire   + + .      SeeInvis .   a - +0 dagger
rCold   x . .      Faith    .   (no shield)
rNeg    . . .      Spirit   .   b - +0 robe
rPois   ∞          Reflect  .   c - +0 hat
rElec   .          Harm     .   (no cloak)
rCorr   .          Rampage  .   (no gloves)
Will    .....                   (boots unavailable)
Stlth   ++........              (no amulet)
HPRegen 0.05/turn               (no ring)
MPRegen 0.00/turn               (no ring)

@: flying, constricted
A: sickness immunity, fire resistance 2, cold vulnerability 1, float, innate
caster, HP casting, extra vitality 1
a: no special abilities


You were on level 1 of the Dungeon.
You visited 1 branch of the dungeon, and saw 1 of its levels.

Inventory:

Hand Weapons
 a - a +0 dagger (weapon)
Armour
 b - a +0 robe (worn)
 c - a +0 hat (worn)


   Skills:
 + Level 2.2 Dodging
 + Level 1.5 Stealth
 + Level 2.4 Spellcasting


You couldn't memorise any spells.
You knew the following spells:

 Your Spells              Type           Power      Damage    Failure   Level
a - Magic Dart            Conj           36%        1d4       8%          1
b - Blink                 Tloc           18%        N/A       12%         2
c - Call Imp              Summ           9%         N/A       12%         2
d - Slow                  Hex            36%        N/A       8%          1
e - Conjure Flame         Conj/Fire      9%         6-21      24%         3
f - Mephitic Cloud        Conj/Pois/Air  9%         N/A       24%         3
Your spell library was empty.

Dungeon Overview and Level Annotations

Branches:
Dungeon (1/15)

Altars:


Innate Abilities, Weirdness & Mutations

You are immune to sickness and miasma.
You are immune to poison.
Your flesh is very heat resistant. (rF++)
You are vulnerable to cold. (rC-)
You float through the air rather than walking.
You learn spells naturally, not from books.
Your magical power is your life essence.
You have superior vitality. (+4 MHP)


Message History

The ball python hisses angrily.
You hear an angry hiss.
The rat barely misses you.
The ball python moves out of view.
You hit the rat but do no damage. The rat bites you.
You closely miss the rat.
A kobold comes into view. It is wielding a +0 club.
The ball python closely misses you. The ball python misses you.
A ball python comes into view.
The rat bites you.
The ball python hisses angrily.
The kobold shouts!
You hit the rat but do no damage. The ball python closely misses you. x2
The rat bites you.
You hit the rat but do no damage.
The ball python bites you but does no damage.
The ball python barely misses you. The rat bites you but does no damage.
You barely miss the ball python. The ball python barely misses you. x2
The ball python closely misses you. The ball python grabs you.
The ball python constricts you. The rat closely misses you.
You escape the ball python's grasp.
The ball python bites you. The ball python closely misses you.
You barely miss the ball python. The ball python closely misses you.
The ball python grabs you. The ball python constricts you.
The ball python bites you but does no damage.
The ball python loses its grip on you.
You completely miss the ball python.
The ball python bites you but does no damage.
The ball python barely misses you. The ball python closely misses you. x2
You completely miss the ball python. The ball python barely misses you.
The ball python closely misses you. The ball python barely misses you. x2
The ball python misses you. The ball python closely misses you.
You hit the ball python.
The ball python is moderately wounded.
The ball python closely misses you. The ball python grabs you.
The ball python constricts you. The ball python bites you. x2
* * * LOW HITPOINT WARNING * * *
The ball python barely misses you. The ball python constricts you.
* * * LOW HITPOINT WARNING * * *
You barely miss the ball python. Your punch misses the ball python.
The ball python is moderately wounded.
The ball python barely misses you. The ball python bites you.
You die...

.>## $.. # .###
♣♣♣♣♣♣..#####. ...#
♣♣∩∩∩♣♣♣..#... ....#
.∩...∩♣♣....# ....
....♣♣♣...# ...# ♣
♣(♣.∩♣♣...####...#.# ♣∩
♣<♣........SSK....#.
♣∩.♣.♣.∩♣♣....@Sr......
♣......♣♣♣...#####.###.
...♣∩...∩♣♣....# .
♣♣∩∩∩♣♣♣.#..#
♣♣♣♣♣♣..#..# ..#.#..#
..>#.#... #. #.##


You could see 3 ball pythons, a kobold and a rat.

Vanquished Creatures
  A frilled lizard (D:1)
1 creature vanquished.

Notes
Turn   | Place    | Note
-------+----------+-------------------------------------------
     0 | D:1      | tasteybeefcake the Djinni Hedge Wizard began the quest for
                  | the Orb.
     0 | D:1      | Reached XP level 1. HP: 15/15 MP: 0/0
    24 | D:1      | Slain by a ball python

Illustrated notes

Levels and vault maps discovered:
D:1:      heliophobic_arrival_henge, layout_loops_ring

Action                   || total
-------------------------++-------
Melee: Dagger            ||    10
 Cast: Magic Dart        ||     1
Armor: Robe              ||     4
Dodge: Dodged            ||    24
